 Dungeon Crawl Stone Soup version 0.24-b1 (webtiles) character file.

Game seed: 6099906307132963860, levelgen mode: deterministic

44 Kohma the Insei (level 3, 0/23 HPs)
             Began as an Octopode Transmuter on Oct 12, 2019.
             Was an Initiate of Sif Muna.
             Slain by a jackal (1 damage)
             ... on level 2 of the Dungeon.
             The game lasted 00:03:39 (680 turns).

Kohma the Insei (Octopode Transmuter)                Turns: 680, Time: 00:03:39

Health: 0/23       AC:  1    Str:  9    XL:     3   Next: 62%
Magic:  5/6        EV: 13    Int: 15    God:    Sif Muna [......]
Gold:   53         SH:  0    Dex: 13    Spells: 5/6 levels left

rFire    + . .     SeeInvis .     - Unarmed
rCold    . . .     Gourm    .   (no shield)
rNeg     . . .     Faith    .   (helmet restricted)
rPois    .         Spirit   .   (no amulet)
rElec    .         Reflect  .   l - ring of protection from fire
rCorr    .         Harm     .   (no ring)
MR       .....                  (no ring)
Stlth    ++........             (no ring)
HPRegen  0.07/turn              (no ring)
MPRegen  0.10/turn              (no ring)
                                (no ring)
                                (no ring)

@: appendage (expiring)
A: almost no armour, stealthy swim, amphibious, 8 rings, constrict 8, tentacle
spike 3, camouflage 1, gelatinous body 1
a: End Transformation, Renounce Religion


You were on level 2 of the Dungeon.
You worshipped Sif Muna.
Sif Muna was noncommittal.
You were not hungry.
One of your tentacles had a temporary spike.
You visited 1 branch of the dungeon, and saw 2 of its levels.

You collected 53 gold pieces.

Inventory:

Hand Weapons
 g - a +3 hunting sling
Missiles
 a - 31 arrows
 k - 15 poisoned darts (quivered)
Jewellery
 l - a ring of protection from fire (left tentacle)
Scrolls
 b - a scroll of fog {unknown}
 e - a scroll of teleportation {unknown}
 h - a scroll of remove curse {unknown}
 i - 2 scrolls of identify {unknown}
 j - a scroll of enchant armour {unknown}
 m - a scroll of magic mapping {unknown}
Potions
 d - 2 potions of degeneration {unknown}
 n - a potion of agility {unknown}
Comestibles
 c - 3 rations
 f - a chunk of flesh


   Skills:
 - Level 1.0 Fighting
 - Level 2.0 Dodging
 + Level 4.5 Unarmed Combat
 - Level 2.0 Spellcasting
 - Level 2.0 Transmutations


You had 5 spell levels left.
You knew the following spells:

 Your Spells              Type           Power        Failure   Level  Hunger
a - Beastly Appendage     Tmut           #.....       10%         1    #......

Your spell library contained the following spells:

 Spells                   Type           Power        Failure   Level  Hunger
 Sticks to Snakes         Tmut           #.......     14%         2    ###....
 Spider Form              Tmut/Pois      #.........   41%         3    ###....
 Ice Form                 Ice/Tmut       #.......     82%         4    #####..
 Blade Hands              Tmut           #.........   95%         5    ######.


Dungeon Overview and Level Annotations

Branches:
Dungeon (2/15)

Altars:
Ru
Sif Muna
Wu Jian


Innate Abilities, Weirdness & Mutations

You cannot wear most types of armour.
You are very stealthy in the water. (Stealth+)
You are amphibious.
You can wear up to eight rings at the same time.
You can use your tentacles to constrict eight enemies at once.
Your skin changes colour to match your surroundings (Stealth+).
Your rubbery body absorbs attacks. (AC +1, EV +1)
One of your tentacles bears a large vicious spike.


Message History

Your transformation is almost over.
The bat completely misses you. The jackal bites you.
You tentacle-slap the jackal. You grab the jackal.
You pierce the jackal.
You kill the jackal!
Sif Muna accepts your kill. The bat hits you.
* * * LOW HITPOINT WARNING * * *
The bat barely misses you.
You closely miss the jackal. You grab the jackal.
You pierce the jackal, but do no damage.
You constrict the jackal, but do no damage.
The bat hits you.
* * * LOW HITPOINT WARNING * * *
The jackal bites you.
* * * LOW HITPOINT WARNING * * *
You tentacle-slap the jackal but do no damage.
You constrict the jackal. The bat completely misses you. The jackal bites you.
* * * LOW HITPOINT WARNING * * *
The bat closely misses you. The jackal bites you.
You die...

#........# ..##....<..
#........## #..##..#.###
#.........## #...##..#.#
#..........###.#.##..#.#
#..............#.##..#.#
#.......)##....#.##....#
#........l#..#...##.#..#
#########h#...#...###..###
#@#.#............#
..###b..###..###....##
...................##_
...##.######)####...## ..
.... #.# #....# #.... #.#
#....# #.... ### ######
#..... #.


You could see a jackal, a bat and a frilled lizard.

Vanquished Creatures
  An ooze (D:1)
  2 dart slugs
  A leopard gecko (D:1)
  5 goblins (D:1)
  4 hobgoblins
  3 jackals (D:2)
  6 bats
  2 frilled lizards (D:1)
  5 kobolds
  5 rats
34 creatures vanquished.

Notes
Turn   | Place    | Note
-------+----------+-------------------------------------------
     0 | D:1      | Kohma the Octopode Transmuter began the quest for the Orb.
     0 | D:1      | Reached XP level 1. HP: 13/13 MP: 3/3
   109 | D:1      | Reached XP level 2. HP: 18/18 MP: 3/5
   194 | D:1      | Reached skill level 4 in Unarmed Combat
   340 | D:1      | Reached XP level 3. HP: 20/23 MP: 4/6
   566 | D:2      | Found a shimmering blue altar of Sif Muna.
   567 | D:2      | Found a sacrificial altar of Ru.
   571 | D:2      | Found an ornate altar of the Wu Jian Council.
   579 | D:2      | Became a worshipper of Sif Muna the Loreminder
   680 | D:2      | HP: 1/23 [jackal (1)]
   680 | D:2      | Slain by a jackal

Skill      XL: |  1  2 |
---------------+-------+-----
Unarmed Combat | 4 |  4.5
Fighting       | |  1.0
Dodging        | |  2.0
Spellcasting   | |  2.0
Transmutations | |  2.0

Action                   || total
-------------------------++-------
Melee: Unarmed           ||    71
       Kick              ||    19
       Constrict         ||    18
       Tentacles         ||     6
       Punch             ||     1
 Cast: Beastly Appendage ||    17
 Stab: Sleeping          ||     3
Armor: Skin              ||     6
Dodge: Dodged            ||    54
